Map: Apotheosis LE

Players

eXtreme - Winner!

  • Race: Protoss Protoss

A.I. 1 (Very Hard)

  • Race: Protoss Protoss

VOD

Have the link to the VOD?

Description

Time

  • Played on: Nov. 18, 2016, 3:57 a.m.
  • Length: 11:47
Show
View Real Time Build Order
Export as new Build Order

eXtreme Protoss - Winner!

Build Orders: Nexus First 

Get SALT Encoding   

  12  0:01  Probe (Chrono Boost)  
  13  0:12  Probe (Chrono Boost)  
  14  0:17  Pylon  
  14  0:22  Probe (Chrono Boost)  
  15  0:35  Probe (Chrono Boost)  
  16  0:46  Probe (Chrono Boost)  
  17  0:56  Probe (Chrono Boost)  
  18  1:02  Nexus  
  18  1:07  Probe (Chrono Boost)  
  18  1:11  Assimilator  
  19  1:17  Probe (Chrono Boost)  
  20  1:20  Pylon  
  20  1:28  Probe (Chrono Boost)  
  21  1:36  Assimilator  
  21  1:38  Probe (Chrono Boost)  
  22  1:42  Gateway  
  22  1:49  Probe (Chrono Boost)  
  23  1:59  Probe (Chrono Boost)  
  24  2:10  Probe (Chrono Boost)  
  24  2:15  Probe (Chrono Boost)  
  26  2:28  Nexus  
  26  2:29  Probe (Chrono Boost)  
  27  2:30  Probe (Chrono Boost)  
  27  2:36  Assimilator  
  28  2:40  Probe (Chrono Boost)  
  28  2:41  Probe (Chrono Boost)  
  30  2:48  Cybernetics Core  
  31  2:51  Probe (Chrono Boost)  
  31  2:53  Probe (Chrono Boost)  
  32  3:02  Probe (Chrono Boost)  
  32  3:04  Probe (Chrono Boost)  
  34  3:12  Probe (Chrono Boost)  
  35  3:15  Probe (Chrono Boost)  
  36  3:23  Probe (Chrono Boost)  
  36  3:24  Stargate  
  36  3:26  Probe (Chrono Boost)  
  38  3:31  Assimilator  
  38  3:32  Protoss Air Weapons Level 1  
  38  3:36  Stargate  
  38  3:44  Probe x3 (Chrono Boost)  
  41  3:54  Probe (Chrono Boost)  
  41  3:55  Probe x2 (Chrono Boost)  
  44  3:59  Assimilator  
  44  4:03  Stargate  
  44  4:05  Probe x3 (Chrono Boost)  
  44  4:06  Void Ray  
  47  4:16  Probe x2 (Chrono Boost)  
  54  4:17  Probe (Chrono Boost)  
  54  4:22  Assimilator  
  54  4:25  Pylon  
  54  4:26  Probe x2 (Chrono Boost)  
  54  4:29  Probe (Chrono Boost)  
  57  4:37  Probe (Chrono Boost)  
  58  4:38  Stargate  
  58  4:39  Void Ray  
  62  4:48  Void Ray  
  66  5:18  Pylon  
  66  5:20  Pylon  
  66  5:30  Void Ray  
  66  5:32  Void Ray x2  
  66  5:35  Void Ray  
  82  5:51  Pylon  
  82  5:52  Pylon  
  82  6:07  Void Ray  
  82  6:09  Void Ray x2  
  82  6:10  Protoss Air Armor Level 1  
  94  6:18  Void Ray  
  98  6:29  Pylon  
  98  6:32  Pylon  
  98  6:44  Void Ray  
  98  6:46  Void Ray x2  
  110  7:00  Probe x3 (Chrono Boost), Pylon  
  110  7:01  Void Ray  
  117  7:21  Void Ray  
  117  7:26  Void Ray  
  125  7:38  Pylon  
  125  7:40  Pylon  
  125  7:42  Pylon  
  125  7:51  Void Ray  
  125  7:56  Void Ray  
  133  7:59  Void Ray  
  133  8:03  Void Ray  
  133  8:05  Pylon x2  
  141  8:28  Void Ray  
  145  8:36  Void Ray  
  145  8:37  Pylon  
  145  8:38  Pylon  
  145  8:39  Void Ray  
  145  8:40  Void Ray  
  145  9:05  Void Ray  
  145  9:13  Void Ray  
  149  9:22  Void Ray  
  157  9:28  Void Ray  
  158  9:42  Void Ray  
  158  9:50  Void Ray  
  166  10:05  Void Ray  
  163  10:11  Void Ray  
  165  10:20  Void Ray  
  166  10:31  Pylon  
  166  10:33  Pylon  
  166  10:35  Pylon  
  166  10:37  Pylon  
  166  10:45  Void Ray  
  166  10:51  Void Ray  
  166  10:54  Void Ray  
  176  10:57  Void Ray  
Show
View Real Time Build Order
Export as new Build Order

A.I. 1 (Very Hard) Protoss 

Build Orders: Zealot Archon 

Get SALT Encoding   

  12  0:01  Probe (Chrono Boost)  
  13  0:11  Probe (Chrono Boost)  
  14  0:19  Pylon  
  14  0:22  Probe (Chrono Boost)  
  15  0:38  Probe (Chrono Boost)  
  15  0:40  Gateway  
  16  0:47  Assimilator  
  16  0:48  Probe (Chrono Boost)  
  17  0:59  Probe (Chrono Boost)  
  17  1:01  Pylon  
  18  1:09  Probe (Chrono Boost)  
  19  1:20  Probe (Chrono Boost)  
  20  1:27  Zealot  
  20  1:31  Cybernetics Core, Probe (Chrono Boost)  
  23  1:42  Probe (Chrono Boost)  
  24  1:54  Probe (Chrono Boost)  
  25  2:00  Warp Gate  
  25  2:04  Nexus  
  25  2:05  Probe (Chrono Boost)  
  26  2:17  Probe (Chrono Boost)  
  26  2:18  Stalker  
  29  2:28  Probe (Chrono Boost)  
  30  2:31  Pylon  
  30  2:40  Probe (Chrono Boost)  
  30  2:44  Gateway  
  31  2:45  Assimilator  
  32  2:51  Adept  
  32  2:52  Probe (Chrono Boost)  
  34  3:02  Pylon  
  34  3:03  Probe (Chrono Boost)  
  35  3:15  Probe (Chrono Boost)  
  35  3:17  Probe (Chrono Boost), Adept  
  39  3:26  Probe (Chrono Boost)  
  39  3:27  Stargate  
  40  3:29  Probe (Chrono Boost)  
  40  3:33  Adept  
  41  3:37  Probe (Chrono Boost)  
  44  3:43  Forge  
  44  3:57  Probe (Chrono Boost)  
  44  3:59  Probe (Chrono Boost)  
  44  4:02  Adept  
  48  4:11  Probe (Chrono Boost)  
  48  4:12  Probe (Chrono Boost)  
  50  4:19  Stargate  
  50  4:21  Probe (Chrono Boost)  
  50  4:22  Photon Cannon  
  50  4:23  Probe (Chrono Boost), Photon Cannon  
  52  4:26  Void Ray  
  56  4:34  Zealot  
  58  4:38  Pylon  
  58  4:40  Probe (Chrono Boost)  
  58  4:42  Probe (Chrono Boost)  
  58  4:44  Zealot  
  62  4:50  Pylon  
  62  4:59  Void Ray  
  62  5:06  Void Ray  
  66  5:09  Probe (Chrono Boost)  
  66  5:10  Probe (Chrono Boost)  
  66  5:13  Pylon  
  66  5:14  Adept  
  74  5:18  Adept  
  74  5:21  Probe (Chrono Boost)  
  78  5:22  Probe (Chrono Boost)  
  78  5:26  Pylon  
  78  5:38  Twilight Council  
  78  5:46  Assimilator  
  78  5:47  Probe (Chrono Boost)  
  79  5:52  Assimilator  
  79  5:57  Gateway  
  79  6:09  Probe x2 (Chrono Boost)  
  81  6:17  Templar Archives  
  81  6:20  Probe x2 (Chrono Boost)  
  81  6:22  Pylon  
  83  6:30  Probe (Chrono Boost)  
  84  6:33  Stalker  
  84  6:35  Forge  
  84  6:37  Pylon  
  84  6:38  Stalker  
  88  6:51  Stalker  
  90  6:56  High Templar  
  90  6:58  Photon Cannon  
  90  6:59  High Templar  
  90  7:01  Gateway  
  94  7:03  Pylon  
  94  7:11  Nexus  
  94  7:12  Sentry  
  96  7:19  Robotics Facility  
  96  7:20  Archon  
  96  7:23  Photon Cannon  
  96  7:26  Photon Cannon  
  96  7:29  High Templar  
  98  7:43  High Templar  
  100  7:54  Stalker  
  100  7:56  Zealot  
  100  7:57  Gateway  
  104  7:59  Stalker  
  104  8:03  Pylon, Archon  
  104  8:04  Photon Cannon  
  104  8:05  Observer  
  107  8:13  High Templar  
  109  8:22  Warp Prism  
  109  8:24  Probe x2 (Chrono Boost)  
  109  8:25  Probe (Chrono Boost)  
  114  8:28  High Templar  
  114  8:32  Stalker  
  118  8:35  Probe (Chrono Boost)  
  118  8:36  Probe (Chrono Boost)  
  118  8:37  Probe (Chrono Boost), Stalker  
  122  8:46  Sentry  
  122  8:47  Probe (Chrono Boost)  
  122  8:48  Probe (Chrono Boost)  
  120  8:52  Pylon, Stalker  
  120  8:53  Probe (Chrono Boost), Stalker  
  120  8:54  Assimilator  
  103  8:56  Warp Prism  
  103  8:57  Assimilator  
  103  8:58  Probe (Chrono Boost), Stalker  
  103  9:01  Stalker  
  93  9:04  Probe (Chrono Boost)  
  86  9:10  Probe (Chrono Boost)  
  86  9:12  Pylon  
  86  9:15  Probe (Chrono Boost), Nexus  
  63  9:24  High Templar  
  63  9:27  Probe (Chrono Boost)  
  63  9:30  Nexus, Pylon  
  50  9:38  Probe (Chrono Boost)  
  49  9:49  Probe (Chrono Boost)  
  49  9:59  Pylon  
  42  10:48  Nexus  
  36  10:57  Nexus  
Tags
 
Composition
Zealot Archon
Matchup
PvP
Add a new tag
Caveats
  • Supply blocks, unpowered buildings, or Contaminate may cause inaccurate times.
  • Supply counts are checked every 10 seconds.